Map: Queda Cerúlea LE

Players

Vicster

  • Race: Terran Terran
  • League: Gold
  • Spawn Location: 7:00

Yuris - Winner!

  • Race: Protoss Protoss
  • League: Gold
  • Spawn Location: 1:00

VOD

Have the link to the VOD?

Description

Time

  • Played on: Jan. 5, 2019, 12:47 p.m.
  • Length: 14:19
Show
View Real Time Build Order
Export as new Build Order

Vicster Terran 

Build Orders:  

Get SALT Encoding   

  12  0:01  SCV  
  13  0:13  SCV  
  14  0:18  Supply Depot  
  14  0:25  SCV  
  15  0:40  SCV  
  15  0:42  Barracks  
  16  0:50  Refinery  
  16  0:52  SCV  
  18  1:04  SCV  
  18  1:16  SCV  
  18  1:18  Barracks  
  19  1:28  SCV  
  20  1:37  Barracks  
  20  1:40  SCV  
  20  1:42  Supply Depot  
  21  1:52  SCV  
  22  2:07  Orbital Command  
  22  2:08  Barracks Tech Lab  
  22  2:17  Barracks Reactor  
  22  2:23  Marine  
  23  2:30  Stimpack  
  23  2:38  Refinery  
  23  2:41  Marine  
  23  2:42  SCV  
  25  2:59  Marine x2  
  25  3:00  Marine x2, Command Center  
  25  3:03  SCV  
  30  3:15  SCV  
  31  3:20  Barracks Reactor  
  31  3:26  Supply Depot  
  31  3:47  Marine, Factory, Bunker  
  31  3:48  SCV  
  33  3:51  Supply Depot  
  33  3:52  Marine  
  33  3:54  Marine  
  35  4:00  SCV  
  36  4:05  Marine  
  37  4:10  Marine  
  37  4:12  Marine x2, SCV  
  41  4:19  Supply Depot  
  41  4:23  Marine  
  42  4:24  SCV  
  42  4:26  Orbital Command  
  42  4:31  Combat Shield  
  43  4:36  SCV  
  43  4:37  Factory Reactor  
  44  4:41  Supply Depot  
  44  4:43  Starport  
  44  4:50  SCV  
  44  4:51  SCV  
  46  4:54  Marine  
  46  4:55  Marine  
  46  4:58  Marine  
  49  5:00  Marine  
  49  5:01  Marine  
  49  5:04  SCV  
  49  5:06  SCV, Engineering Bay  
  53  5:15  Widow Mine  
  53  5:16  Widow Mine, SCV  
  53  5:19  Marine  
  59  5:22  Medivac  
  61  5:30  SCV  
  61  5:31  SCV  
  61  5:32  Supply Depot  
  61  5:35  Terran Infantry Armor Level 1  
  63  5:42  SCV  
  64  5:43  SCV  
  65  5:52  Medivac  
  65  5:54  Marine x2  
  65  5:55  Barracks, SCV  
  65  5:56  Widow Mine x2, Supply Depot  
  74  5:57  Marine  
  75  6:08  Refinery, SCV  
  75  6:11  SCV  
  77  6:12  Refinery  
  77  6:20  SCV  
  77  6:22  Starport Reactor  
  77  6:23  SCV  
  77  6:25  Marine x4, Widow Mine x2  
  87  6:37  Missile Turret  
  87  6:38  Missile Turret  
  87  6:51  Marine x2  
  87  6:52  Marine x2  
  91  6:57  Command Center, Barracks Reactor  
  91  7:01  Refinery  
  91  7:08  Refinery  
  91  7:29  Terran Infantry Weapons Level 1  
  81  8:33  Viking x2  
  85  8:36  Marine  
  85  8:37  Marine x6  
  86  8:46  Barracks  
  86  8:49  Barracks x2  
  86  8:50  Barracks, Orbital Command  
  86  8:54  Marine x2  
  86  8:55  Marine x4  
  92  9:03  Viking x2  
  92  9:05  Command Center  
  98  9:10  Marauder  
  98  9:12  Marine x2  
  98  9:13  Marine x3  
  103  9:25  SCV x2  
  107  9:31  Marauder, SCV  
  107  9:37  SCV  
  109  9:56  Supply Depot  
  109  9:57  Armory  
  109  9:58  Engineering Bay  
  109  10:16  SCV x3  
  109  10:17  Marauder  
  109  10:18  Refinery  
  109  10:19  Supply Depot  
  109  10:20  Orbital Command  
  114  10:25  Barracks Tech Lab x4  
  114  10:27  Viking x2  
  118  10:29  Marine x2, SCV x3  
  118  10:30  Marine x4  
  127  10:41  SCV x3  
  130  10:53  SCV x3  
  130  10:57  Viking x2  
  135  10:59  Marine  
  135  11:00  Marauder  
  140  11:10  Refinery  
  140  11:31  Supply Depot  
  140  11:33  Terran Infantry Weapons Level 2  
  140  11:34  Terran Infantry Armor Level 2  
  140  11:35  Supply Depot  
  140  11:36  Terran Vehicle Weapons Level 1  
  140  11:46  Supply Depot  
  140  11:50  Supply Depot  
  140  11:52  Marine x2  
  140  11:53  Marauder, Widow Mine, SCV x2, Supply Depot  
  148  11:56  SCV x2  
  148  11:57  Marauder x3  
  156  12:07  Marine x3, SCV  
  156  12:08  Marauder, Widow Mine  
  164  12:11  Marine x2, SCV x3, Supply Depot, Medivac  
  164  12:13  Supply Depot  
  164  12:15  Widow Mine  
  173  12:18  Marauder x2  
  173  12:20  Marine x2, SCV  
  180  12:25  Supply Depot  
  180  12:33  Marine, Marauder x2, SCV x3  
  180  12:34  Marine, SCV  
  180  12:35  Widow Mine, Supply Depot  
  192  12:39  Marauder, Ghost Academy  
  192  12:43  Supply Depot  
  194  12:45  SCV  
  194  12:47  SCV  
  194  12:50  Supply Depot  
  129  13:16  Marine x2  
  129  13:17  Marine x4, Marauder x4  
  129  13:18  Marauder  
  129  13:19  Widow Mine x2  
  113  13:38  Marauder  
  113  13:40  Widow Mine  
  73  13:59  Marine x5  
  73  14:00  Marine x2  
Show
View Real Time Build Order
Export as new Build Order

Yuris Protoss - Winner!

Build Orders: Colossus Rush 

Get SALT Encoding   

  12  0:02  Probe  
  13  0:14  Probe  
  14  0:23  Pylon  
  14  0:26  Probe  
  15  0:34  Assimilator  
  15  0:43  Probe  
  15  0:44  Gateway  
  16  0:51  Probe  
  17  1:00  Probe, Pylon  
  18  1:11  Probe  
  19  1:19  Probe  
  20  1:34  Cybernetics Core  
  20  1:36  Probe  
  21  1:43  Assimilator  
  21  1:52  Probe  
  22  2:01  Stalker  
  22  2:04  Probe  
  25  2:16  Probe  
  26  2:24  Nexus  
  26  2:29  Probe  
  27  2:32  Pylon  
  27  2:35  Stalker  
  29  2:44  Assimilator  
  29  2:47  Probe  
  30  2:59  Probe  
  30  3:05  Warp Gate  
  31  3:18  Gateway  
  31  3:19  Forge  
  31  3:23  Gateway  
  31  3:25  Gateway  
  31  3:39  Probe  
  32  3:45  Assimilator  
  32  3:51  Probe  
  32  3:52  Protoss Ground Weapons Level 1  
  33  3:55  Stalker  
  35  4:02  Probe  
  35  4:05  Robotics Facility  
  36  4:10  Probe  
  37  4:19  Probe  
  38  4:29  Probe  
  39  4:42  Probe  
  40  4:48  Zealot  
  42  4:54  Probe  
  42  4:56  Robotics Bay  
  42  4:59  Zealot  
  45  5:07  Twilight Council  
  45  5:10  Probe  
  46  5:18  Probe  
  46  5:27  Probe  
  48  5:37  Zealot x3  
  54  5:44  Pylon  
  54  5:46  Protoss Shields Level 1  
  54  5:47  Pylon  
  54  5:49  Colossus  
  54  5:50  Pylon  
  54  5:53  Pylon  
  54  5:55  Pylon  
  54  5:58  Pylon  
  54  6:02  Probe  
  61  6:08  Extended Thermal Lance  
  61  6:14  Probe  
  62  6:24  Stalker x2  
  62  6:25  Stalker  
  68  6:26  Probe  
  68  6:27  Colossus, Zealot  
  68  6:32  Charge  
  71  6:38  Probe  
  78  6:51  Probe  
  79  6:57  Robotics Facility  
  79  7:08  Zealot x2  
  79  7:09  Zealot  
  85  7:22  Zealot  
  87  7:30  Stalker  
  87  7:31  Zealot  
  87  7:33  Stalker  
  93  7:41  Observer  
  94  8:16  Pylon  
  94  8:18  Pylon  
  90  8:20  Pylon  
  90  8:22  Pylon  
  90  8:23  Pylon  
  90  8:26  Pylon  
  90  8:27  Pylon  
  90  8:29  Pylon  
  90  8:30  Pylon  
  86  8:47  Zealot  
  86  8:48  Zealot x3  
  94  8:50  Protoss Ground Weapons Level 2  
  94  8:53  Pylon  
  94  8:55  Colossus, Pylon  
  94  8:57  Immortal  
  104  9:22  Nexus  
  104  9:30  Stalker x3  
  104  9:31  Stalker  
  112  9:43  Stargate  
  112  9:46  Stargate  
  112  9:50  Stargate  
  112  9:58  Immortal  
  116  10:10  Immortal  
  120  10:14  Stalker x2  
  120  10:15  Stalker x2  
  128  10:24  Protoss Air Weapons Level 1  
  128  10:32  Pylon  
  128  10:34  Assimilator  
  128  10:38  Assimilator  
  128  10:50  Void Ray  
  128  10:52  Void Ray  
  136  11:06  Protoss Shields Level 2  
  136  11:21  Void Ray  
  136  11:26  Zealot x4  
  136  11:29  Colossus  
  154  11:43  Fleet Beacon  
  154  11:44  Probe  
  154  11:52  Probe  
  156  12:02  Probe  
  156  12:04  Zealot x3  
  163  12:14  Probe  
  164  12:18  Protoss Air Armor Level 1  
  164  12:26  Probe  
  165  12:59  Carrier x3  
Tags
 
Add a new tag
Caveats
  • Supply blocks, unpowered buildings, or Contaminate may cause inaccurate times.
  • Supply counts are checked every 10 seconds.